 Dungeon Crawl Stone Soup version 0.29-a0-317-gd16b76e6b1 (webtiles) character file.

Game seed: 2909450958249305131

3 Ajdolov the Ruffian (level 1, -1/11 HPs)
             Began as a Vine Stalker Cinder Acolyte on Mar 30, 2022.
             Was a High Priest of Ignis.
             Slain by a gnoll
             ... wielding a +0 club
              (4 damage)
             ... on level 1 of the Dungeon.
             The game lasted 00:00:27 (524 turns).

Ajdolov the Ruffian (Vine Stalker Cinder Acolyte)    Turns: 524, Time: 00:00:28

Health: -1/11      AC:  3    Str: 16    XL:     1   Next: 50%
Magic:  0/3        EV: 11    Int: 14    God:    Ignis [*****.]
Gold:   46         SH:  0    Dex:  9    Spells: 2/2 levels left

rFire   + . .      SeeInvis .     - Unarmed
rCold   . . .      Faith    .   (no shield)
rNeg    . . .      Spirit   +   a - +0 robe
rPois   .          Reflect  .   (no helmet)
rElec   .          Harm     .   d - +0 cloak
rCorr   .          Rampage  .   (no gloves)
Will    .....                   (no boots)
Stlth   +.........              (no amulet)
HPRegen 0.03/turn               (no ring)
MPRegen 0.08/turn               (no ring)

@: no status effects
A: fangs 2, magic shield, antimagic bite, no potion heal 2
a: Renounce Religion, Fiery Armour, Foxfire Swarm, Rising Flame


You were on level 1 of the Dungeon.
You worshipped Ignis.
Ignis was extremely pleased with you.
You visited 1 branch of the dungeon, and saw 1 of its levels.

You collected 46 gold pieces.

Inventory:

Armour
 a - a +0 robe (worn)
 d - a +0 cloak (worn)
Scrolls
 b - 2 scrolls of identify {unknown}
 e - 3 scrolls of brand weapon {unknown}
Potions
 c - a potion of curing {unknown}
 f - a potion of heal wounds {unknown}


   Skills:
 * Level 2.8 Fighting
 * Level 3.1 Unarmed Combat
 - Level 1.1 Spellcasting
 - Level 3.0 Fire Magic


You had 2 spell levels left.
You didn't know any spells.
Your spell library contained the following spells:

 Spells                   Type           Power      Damage    Failure   Level
 Scorch                   Fire           18%        2d5       12%         2
 Olgreb's Toxic Radiance  Pois           0%         N/A       95%         4
 Ozocubu's Refrigeration  Ice            0%         4d5       100%        7
 Ignition                 Fire           4%         3d4       100%        8


Dungeon Overview and Level Annotations

Branches:
Dungeon (1/15)

Altars:


Innate Abilities, Weirdness & Mutations

You have extremely sharp teeth.
When hurt, damage is shared between your health and your magic reserves.
Your bite disrupts and absorbs the magic of your enemies.
Potions cannot restore your health.


Message History

You hit the kobold.
You kill the kobold!
Things that are here:
a +0 short sword; 2 stones You now have 38 gold pieces (gained 9).
f - a fuming brown potion You now have 46 gold pieces (gained 8).
b - 2 scrolls labelled COKOIT UDGHUQ (gained 1)
A rat comes into view.
The rat closely misses you.
You hit the rat.
You kill the rat!
No target in view!
You see here a rat corpse.
A gnoll comes into view. It is wielding a +0 club.
A gnoll is nearby!
The gnoll shouts!
You closely miss the gnoll. You bite the gnoll. You drain its power.
The gnoll is lightly wounded.
The gnoll hits you with a +0 club.
You hit the gnoll.
The gnoll is moderately wounded.
The gnoll barely misses you.
You barely miss the gnoll.
The gnoll is moderately wounded.
The gnoll closely misses you.
You hit the gnoll.
The gnoll is moderately wounded.
The gnoll hits you with a +0 club.
* * * LOW HITPOINT WARNING * * *
You hit the gnoll. Your bite misses the gnoll.
The gnoll is heavily wounded.
The gnoll barely misses you.
You barely miss the gnoll.
The gnoll is heavily wounded.
The gnoll hits you but does no damage.
You hit the gnoll.
The gnoll is severely wounded.
The gnoll hits you with a +0 club.
You die...

##### #### ..... ...
###.##########.#############
>.........(.##.g@†.........#
.##.#######.##############.#
.#...## #.# #.# ......# #.#
#.# #.....# #.# #.##
......#####.## #..#
.#...........# ##.#
.##.#######..# #.# .##.# ###
#..# #.#


You could see a gnoll.

Vanquished Creatures
  A quokka (D:1)
  A kobold (D:1)
  2 rats (D:1)
4 creatures vanquished.

Notes
Turn   | Place    | Note
-------+----------+-------------------------------------------
     0 | D:1      | Ajdolov the Vine Stalker Cinder Acolyte began the quest for
                  | the Orb.
     0 | D:1      | Reached XP level 1. HP: 11/11 MP: 3/3
   524 | D:1      | Slain by a gnoll

Illustrated notes

Levels and vault maps discovered:
D:1:      ncdulo_wetmaze, layout_loops_ring, serial_shops, shop

Action                   || total
-------------------------++-------
Melee: Unarmed           ||    24
       Bite              ||     1
Armor: Robe              ||     3
Dodge: Dodged            ||    11

Table legend: (Time is in decaauts)
 A = Elapsed time spent in this place.
 B = Non-inter-level travel time spent in this place.
 C = Inter-level travel time spent in this place.
 D = Time resting spent in this place.
 E = Time spent auto-exploring this place.
 F = Levels seen in this place.
 G = Mean time per level.
                   A        B        C        D        E       F      G
               +--------+--------+--------+--------+--------+-----+--------+
         Total |    526 |    526 |      0 |      0 |    449 |   1 |  526.0 |
       Dungeon |    526 |    526 |      0 |      0 |    449 |   1 |  526.0 |
               +--------+--------+--------+--------+--------+-----+--------+

Top non-repeatable levels by time:
     D:1: 526 daAuts
